 Dungeon Crawl Stone Soup version 0.27-a0-1188-g73eefd5def (webtiles) character file.

Game seed: 16366766951527953697

4583 chippings the Protected (level 10, -2/82 HPs)
             Began as a Gnoll Wanderer on May 20, 2021.
             Was an Initiate of Gozag.
             Killed by the air
             ... invoked by Gastronok
              (21 damage)
             ... on level 8 of the Dungeon.
             The game lasted 00:17:47 (9722 turns).

chippings the Protected (Gnoll Wanderer)            Turns: 9722, Time: 00:17:47

Health: -2/82      AC: 16    Str: 22    XL:     10   Next: 41%
Magic:  17/17      EV: 12    Int: 10    God:    Gozag
Gold:   2778       SH:  0    Dex: 12    Spells: 19/19 levels left

rFire    . . .     SeeInvis .   w - +4 hand axe "Suirit" {vorpal, rCorr}
rCold    . . .     Faith    .   (no shield)
rNeg     . . .     Spirit   .   i - +0 plate armour
rPois    .         Reflect  .   (no helmet)
rElec    .         Harm     .   u - +0 cloak
rCorr    +         Rampage  .   a - +0 pair of gloves
Will     .....                  (no boots)
Stlth    ..........             (no amulet)
HPRegen  0.23/turn              z - +6 ring of strength
MPRegen  0.15/turn              I - +4 ring of evasion

@: no status effects
A: fangs 1, strong nose, distributed training
a: Renounce Religion, Potion Petition, Call Merchant, Bribe Branch


You were on level 8 of the Dungeon.
You worshipped Gozag.
Gozag was most pleased with you.
You visited 1 branch of the dungeon, and saw 8 of its levels.
You also visited: Sewer and Bailey.

You collected 3062 gold pieces.
You spent 275 gold pieces at shops.
You paid 9 gold pieces to Gozag.

Inventory:

Hand Weapons
 w - the +4 hand axe "Suirit" (weapon) {vorpal, rCorr}
   (You bought it in a shop on level 2 of the Dungeon)

   It inflicts extra damage upon your enemies.
   It protects you from acid and corrosion.
 O - a +0 arbalest
 R - a +0 arbalest
Missiles
 o - 5 silver javelins
 r - 62 poisoned darts (quivered)
 B - 5 silver boomerangs
 D - 8 javelins
 E - 6 throwing nets
 P - 57 bolts
Armour
 a - a +0 pair of gloves (worn)
 b - a +2 scale mail
 i - a +0 plate armour (worn)
 u - a +0 cloak (worn)
Magical Staves
 l - a staff of conjuration
Jewellery
 n - a ring of protection from fire
 y - a ring of poison resistance
 z - a +6 ring of strength (left hand)
 G - a ring of resist corrosion
 I - a +4 ring of evasion (right hand)
 J - an amulet of magic regeneration
Wands
 p - a wand of mindburst (14)
 t - a wand of polymorph (2)
 v - a wand of flame (11)
 C - a wand of digging (5)
 N - a wand of iceblast (5)
Scrolls
 j - a scroll of silence
 k - 2 scrolls of amnesia
 q - 3 scrolls of teleportation
 s - a scroll of fog
 x - 2 scrolls of immolation
 A - 3 scrolls of vulnerability
 H - a scroll of torment
 M - 2 scrolls of noise {unknown}
 Q - a scroll of blinking {unknown}
 S - 2 scrolls of identify
Potions
 c - 3 potions of curing
 d - 2 potions of attraction
 e - 2 potions of cancellation {unknown}
 f - a potion of heal wounds {unknown}
 g - 6 potions of flight
 h - 6 potions of mutation {unknown}
 m - 3 potions of lignification {unknown}
 F - 2 potions of berserk rage {unknown}
 K - 2 potions of ambrosia {unknown}
 L - 2 potions of degeneration {unknown}


   Skills:
 + Level 8.5 Fighting
 + Level 5.2 Short Blades
 + Level 5.2 Long Blades
 + Level 5.2 Axes
 + Level 5.2 Maces & Flails
 + Level 5.2 Polearms
 + Level 5.2 Staves
 + Level 5.2 Slings
 + Level 5.2 Bows
 + Level 7.0 Crossbows
 + Level 5.9 Throwing
 + Level 8.5 Armour
 + Level 5.2 Dodging
 + Level 5.2 Stealth
 + Level 5.2 Shields
 + Level 5.2 Unarmed Combat
 + Level 5.2 Spellcasting
 + Level 4.3 Conjurations
 + Level 4.3 Hexes
 + Level 4.3 Summonings
 + Level 4.3 Necromancy
 + Level 4.3 Translocations
 + Level 4.3 Transmutations
 + Level 4.3 Fire Magic
 + Level 4.3 Ice Magic
 + Level 4.3 Air Magic
 + Level 4.3 Earth Magic
 + Level 4.3 Poison Magic
 + Level 5.8 Invocations
 + Level 5.9 Evocations


You had 19 spell levels left.
You didn't know any spells.
Your spell library contained the following spells:

 Spells                   Type           Power      Damage    Failure   Level
 Beastly Appendage        Tmut           22%        N/A       50%         1
 Sandblast                Erth           22%        2d7       50%         1
 Passwall                 Tmut/Erth      9%         N/A       63%         2
 Wereblood                Tmut           11%        N/A       63%         2
 Spider Form              Tmut/Pois      5%         N/A       86%         3
 Stone Arrow              Conj/Erth      22%        3d8       86%         3
 Ice Form                 Ice/Tmut       11%        N/A       99%         4
 Petrify                  Tmut/Erth      11%        N/A       99%         4
 Hydra Form               Tmut           5%         N/A       100%        5
 Lee's Rapid Deconstruct  Erth           5%         3d7*      100%        5


Dungeon Overview and Level Annotations

Branches:
Dungeon (8/15)             Temple (0/1) D:4           Sewer (visited)
 Bailey (visited)
   Lair: D:8-11

Altars:
Gozag
Xom

Shops:
D:2 *   D:5 (

Annotations:
D:8 Gastronok


Innate Abilities, Weirdness & Mutations

You have very sharp teeth.
Your uncanny sense of smell can sniff out nearby items.
Your experience applies equally to all skills.


Message History

Aiming: Mindburst
Press: ? - help, Shift-Dir - straight line, f/p - Gastronok
Aim: Gastronok, wearing a +1 hat of intelligence (lightly wounded, chance to affect: 37%)
Okay, then.
Fire: 58 bolts
Press: ? - help, Q - select action, (/) - cycle Shift-Dir - straight line, f/p - Gastronok
Aim: Gastronok, wearing a +1 hat of intelligence (lightly wounded, 94% to hit)
You shoot a bolt. The bolt completely misses Gastronok.
Gastronok's eyestalks quiver as he mumbles some strange words.
Gastronok puts on a burst of speed!
w - the +4 hand axe "Suirit" (weapon)
{vorpal, rCorr} You slash Gastronok!
Gastronok is moderately wounded.
You hit Gastronok.
Gastronok is moderately wounded.
Gastronok bites you!!
You completely miss Gastronok. You bite Gastronok.
Gastronok is moderately wounded.
Gastronok gurgles, "I'll eat you, I will!"
Gastronok waves his eye-stalks in wide circles.
The air twists around and strikes you!
You hit Gastronok.
Gastronok is moderately wounded.
You slash Gastronok!
Gastronok is moderately wounded.
Gastronok bites you!!
Okay, then.
Okay, then.
Okay, then.
As you read the scroll of teleportation, it crumbles to dust.
You feel strangely unstable.
Gastronok waves his eye-stalks in wide circles.
The air twists around and strikes you!
* * * LOW HITPOINT WARNING * * *
Your surroundings seem slightly different.
There is a stone staircase leading down here.
Gastronok waves his eye-stalks in wide circles.
The air twists around and strikes you!!
You die...
Your body crumbles into a pile of gold.

##+# #.# ##...##
###.#### #.....##
#......# .......##
##.#..#.#
........####...w...#
........+........#.#
........#.##.#.#.#.#
.......#..##....<..#
#.....####..####@#.#
##...#####.>##.....#
..........##..##.###
.##.###.#.##.###.#
#.# #...#### #.#
##.###^########.#
.#...............#
......#.##########
.#...##.#


You could see Gastronok (swift).

Vanquished Creatures
  An orc knight (Bailey)
  Joseph (D:7)
  A dream sheep (D:7)
  3 yaks
  Menkaure (D:5)
  2 water moccasins
  An ice beast (D:4)
  A black bear (D:7)
  11 orc warriors
  A necrophage (D:5)
  2 centaurs
  2 phantoms
  A kobold brigand (D:6)
  A gnoll sergeant (D:5)
  A scorpion (D:7)
  A water moccasin skeleton (D:5)
  A wyvern skeleton (D:7)
  4 killer bees (D:5)
  2 electric eels (D:3)
  A centaur zombie (D:8)
  A jelly (D:7)
  A centaur skeleton (D:7)
  3 orc priests
  3 hounds (D:6)
  2 iguanas
  A merfolk siren (Sewer)
  3 orc wizards
  A merfolk avatar (Sewer)
  A killer bee zombie (D:6)
  Robin (D:2)
  5 gnolls (D:6)
  9 adders
  2 river rats
  A shadow imp (D:6)
  A dart slug (D:4)
  2 worms
  18 orcs
  6 ball pythons
  5 endoplasms
  4 giant cockroaches
  14 goblins
  10 hobgoblins
  6 jackals
  6 quokkas
  2 bats
  5 frilled lizards
  12 kobolds
  29 rats
193 creatures vanquished.

Vanquished Creatures (others)
  An adder (D:2)
  An endoplasm (D:2)
2 creatures vanquished.

Grand Total: 195 creatures vanquished

Notes
Turn   | Place    | Note
-------+----------+-------------------------------------------
     0 | D:1      | chippings the Gnoll Wanderer began the quest for the Orb.
     0 | D:1      | chippings set off with the following items: a +0 mace, a +2
                  | scale mail, a potion of curing
     0 | D:1      | Reached XP level 1. HP: 23/23 MP: 1/1
   418 | D:1      | Reached XP level 2. HP: 27/29 MP: 2/2
   914 | D:2      | Found an opulent altar of Gozag.
   922 | D:2      | Became a worshipper of Gozag Ym Sagoz the Greedy
  1315 | D:2      | Found Bueg's Assorted Antiques.
  2060 | D:3      | Reached XP level 3. HP: 35/35 MP: 3/3
  2257 | D:3      | Noticed Robin
  2351 | D:2      | Killed Robin
  2352 | D:2      | Reached skill level 1 in Invocations
  2663 | D:3      | Reached skill level 1 in Short Blades
  2663 | D:3      | Reached skill level 1 in Long Blades
  2663 | D:3      | Reached skill level 1 in Axes
  2663 | D:3      | Reached skill level 1 in Maces & Flails
  2663 | D:3      | Reached skill level 1 in Polearms
  2663 | D:3      | Reached skill level 1 in Staves
  2663 | D:3      | Reached skill level 1 in Slings
  2663 | D:3      | Reached skill level 1 in Bows
  2663 | D:3      | Reached skill level 1 in Dodging
  2663 | D:3      | Reached skill level 1 in Stealth
  2663 | D:3      | Reached skill level 1 in Shields
  2663 | D:3      | Reached skill level 1 in Unarmed Combat
  2663 | D:3      | Reached skill level 1 in Spellcasting
  2811 | D:3      | Reached XP level 4. HP: 35/41 MP: 5/5
  2960 | D:3      | Found a transporter.
  2979 | D:3      | Found a transporter.
  2998 | D:3      | Reached skill level 1 in Conjurations
  2998 | D:3      | Reached skill level 1 in Hexes
  2998 | D:3      | Reached skill level 1 in Summonings
  2998 | D:3      | Reached skill level 1 in Necromancy
  2998 | D:3      | Reached skill level 1 in Translocations
  2998 | D:3      | Reached skill level 1 in Transmutations
  2998 | D:3      | Reached skill level 1 in Fire Magic
  2998 | D:3      | Reached skill level 1 in Ice Magic
  2998 | D:3      | Reached skill level 1 in Air Magic
  2998 | D:3      | Reached skill level 1 in Earth Magic
  2998 | D:3      | Reached skill level 1 in Poison Magic
  3010 | D:3      | Reached XP level 5. HP: 39/47 MP: 5/7
  3077 | D:2      | Bought a masterwork hand axe for 200 gold pieces
  3077 | D:2      | Identified the +4 hand axe "Suirit" {vorpal, rCorr} (You
                  | bought it in a shop on level 2 of the Dungeon)
  3498 | D:3      | Found a faded altar of an unknown god.
  3683 | D:2      | Bought a scroll labelled QUPRUV IZURIST for 25 gold pieces
  3683 | D:2      | Bought a scroll labelled IPHIBO EHUA for 25 gold pieces
  3683 | D:2      | Bought a scroll labelled YWNUANWEFO for 25 gold pieces
  3935 | D:4      | Found a glowing drain.
  3983 | Sewer    | Entered a sewer
  4282 | Sewer    | Reached XP level 6. HP: 44/53 MP: 8/8
  4746 | D:4      | Reached skill level 5 in Crossbows
  4828 | D:4      | Noticed an ice beast
  4841 | D:4      | Killed an ice beast
  4842 | D:4      | Reached XP level 7. HP: 32/59 MP: 10/10
  4991 | D:4      | Found a staircase to the Ecumenical Temple.
  5456 | D:5      | Entered Level 5 of the Dungeon
  5458 | D:5      | Found a shimmering altar of Xom.
  5484 | D:5      | Noticed a yak
  5489 | D:5      | Noticed a yak
  5492 | D:5      | Noticed a yak
  5510 | D:4      | Killed a yak
  5700 | D:4      | Killed a yak
  5941 | D:5      | Killed a yak
  5942 | D:5      | Reached XP level 8. HP: 7/67 MP: 12/12
  6591 | D:5      | Noticed Menkaure
  6603 | D:5      | Killed Menkaure
  6798 | D:5      | Found Jeatt's Antique Weapon Shop.
  7559 | D:6      | Reached XP level 9. HP: 61/73 MP: 14/14
  8366 | D:7      | Noticed Joseph
  8373 | D:7      | Killed Joseph
  8374 | D:7      | Reached skill level 5 in Throwing
  8374 | D:7      | Reached skill level 5 in Evocations
  8481 | D:7      | Noticed Harold
  8495 | D:7      | Noticed Harold
  8495 | D:7      | Harold changed into Harold the dream sheep
  8499 | D:7      | Killed Harold the dream sheep
  8500 | D:7      | Reached skill level 5 in Invocations
  8533 | D:7      | Found a flagged portal.
  8571 | Bailey   | Entered a bailey
  8571 | Bailey   | Noticed an orc knight
  8601 | Bailey   | Reached XP level 10. HP: 68/80 MP: 15/17
  8705 | Bailey   | Reached skill level 5 in Short Blades
  8705 | Bailey   | Reached skill level 5 in Long Blades
  8705 | Bailey   | Reached skill level 5 in Axes
  8705 | Bailey   | Reached skill level 5 in Maces & Flails
  8705 | Bailey   | Reached skill level 5 in Polearms
  8705 | Bailey   | Reached skill level 5 in Staves
  8705 | Bailey   | Reached skill level 5 in Slings
  8705 | Bailey   | Reached skill level 5 in Bows
  8705 | Bailey   | Reached skill level 5 in Dodging
  8705 | Bailey   | Reached skill level 5 in Stealth
  8705 | Bailey   | Reached skill level 5 in Shields
  8705 | Bailey   | Reached skill level 5 in Unarmed Combat
  8705 | Bailey   | Reached skill level 5 in Spellcasting
  9069 | Bailey   | Killed an orc knight
  9699 | D:8      | Noticed Gastronok
  9722 | D:8      | Killed from afar by Gastronok

Illustrated notes

Levels and vault maps discovered:
D:1:      amcnicky_arrival_choice, layout_loops_ring
D:2:      layout_loops_corners, basic_altar, serial_forest,
          infiniplex_forest_straight_2, infiniplex_forest_split,
          infiniplex_forest_lined_2, infiniplex_forest_clump_long,
          infiniplex_forest_lined_1, infiniplex_forest_end_double, serial_shops,
          nicolae_shop_waterfront, minivault_25, lemuel_old_faithful
D:3:      gammafunk_steamed_eel, layout_basic,
          shapermc_ecumenical_altar_mp_vishouse, roderic_serpentine_path,
          uniq_robin
D:4:      layout_gridville, minmay_temple_entry_large_hall,
          portal_sewer_entry_a, minmay_misc_feat_diagonals
D:5:      layout_rooms, amcnicky_altar_gilded, serial_shops, kennysheep_mini,
          st_stairs_8, kennysheep_small_circle, uniq_menkaure
D:6:      layout_cave_pools
D:7:      layout_loops_ring, enter_bailey_5, uniq_harold, uniq_joseph
D:8:      layout_loops_corners, st_stairs_7, uniq_gastronok

Skill      XL: |  1  2  3  4  5  6  7  8  9 10 |
---------------+-------------------------------+-----
Invocations    | 1 2 3 4 5 |  5.8
Short Blades   | 1 2 3 4 5 |  5.2
Long Blades    | 1 2 3 4 5 |  5.2
Axes           | 1 2 3 4 5 |  5.2
Maces & Flails | 1 2 3 4 5 |  5.2
Polearms       | 1 2 3 4 5 |  5.2
Staves         | 1 2 3 4 5 |  5.2
Slings         | 1 2 3 4 5 |  5.2
Bows           | 1 2 3 4 5 |  5.2
Dodging        | 1 2 3 4 5 |  5.2
Stealth        | 1 2 3 4 5 |  5.2
Shields        | 1 2 3 4 5 |  5.2
Unarmed Combat | 1 2 3 4 5 |  5.2
Spellcasting   | 1 2 3 4 5 |  5.2
Conjurations   | 1 2 3 4 |  4.3
Hexes          | 1 2 3 4 |  4.3
Summonings     | 1 2 3 4 |  4.3
Necromancy     | 1 2 3 4 |  4.3
Translocations | 1 2 3 4 |  4.3
Transmutations | 1 2 3 4 |  4.3
Fire Magic     | 1 2 3 4 |  4.3
Ice Magic      | 1 2 3 4 |  4.3
Air Magic      | 1 2 3 4 |  4.3
Earth Magic    | 1 2 3 4 |  4.3
Poison Magic   | 1 2 3 4 |  4.3
Throwing       | 3 4 5 |  5.9
Evocations     | 3 4 5 |  5.9
Crossbows      | 5 6 7 |  7.0
Fighting       | 7 8 |  8.5
Armour         | 7 8 |  8.5

Action                   |  1- 3 |  4- 6 |  7- 9 | 10-12 || total
-------------------------+-------+-------+-------+-------++-------
Melee: Mace              |   127 |       |       |       ||   127
       Bite              |    11 |    17 |    27 |     2 ||    57
       Dagger            |    28 |     8 |       |       ||    36
       Punch             |     1 |     1 |     1 |     1 ||     4
       Hand axe          |       |   163 |   243 |    26 ||   432
 Fire: Arbalest          |       |       |       |    22 ||    22
Throw: Dart              |       |       |     1 |       ||     1
Evoke: Wand              |       |     2 |    19 |    15 ||    36
  Use: Scroll            |       |     5 |     6 |     1 ||    12
       Potion            |       |       |     1 |       ||     1
 Stab: Distracted        |       |     1 |     2 |       ||     3
Armor: Scale mail        |    22 |       |       |       ||    22
       Plate armour      |   124 |   138 |   197 |    21 ||   480
Dodge: Dodged            |    44 |    41 |   184 |    28 ||   297

Table legend: (Time is in decaauts)
 A = Elapsed time spent in this place.
 B = Non-inter-level travel time spent in this place.
 C = Inter-level travel time spent in this place.
 D = Time resting spent in this place.
 E = Time spent auto-exploring this place.
 F = Levels seen in this place.
 G = Mean time per level.
                   A        B        C        D        E       F      G
               +--------+--------+--------+--------+--------+-----+--------+
         Total |   9924 |   9573 |    351 |   1661 |   5222 |  10 |  992.4 |
       Dungeon |   8628 |   8277 |    351 |   1301 |   4863 |   8 | 1078.5 |
         Sewer |    744 |    744 |      0 |      0 |    359 |   1 |  744.0 |
        Bailey |    551 |    551 |      0 |    360 |      0 |   1 |  551.0 |
               +--------+--------+--------+--------+--------+-----+--------+

Top non-repeatable levels by time:
     D:2: 1940 daAuts
     D:5: 1778 daAuts
     D:4: 1332 daAuts
     D:3: 1284 daAuts
     D:7: 752 daAuts
     D:1: 745 daAuts
   Sewer: 744 daAuts
     D:6: 712 daAuts
  Bailey: 551 daAuts
     D:8: 83 daAuts
